 Dungeon Crawl Stone Soup version 0.14-a0-2881-g20de702 (webtiles) character file.

1236 4tharraofdagon the Ruffian (level 7, -10/67 HPs)
             Began as a Troll Transmuter on Mar 1, 2014.
             Was a Priest of Cheibriados.
             Killed by an exploding giant spore (27 damage)
             ... on Level 7 of the Dungeon.
             The game lasted 00:10:46 (2230 turns).

4tharraofdagon the Ruffian (Troll Transmuter)       Turns: 2230, Time: 00:10:47

HP -10/67        AC  5     Str 28      XL: 7   Next: 88%
MP   6/6         EV 12     Int 16      God: Cheibriados [***...]
Gold 292         SH  0     Dex 17      Spells:  2 memorised,  5 levels left

rFire  . . .     SeeInvis .       - Unarmed
rCold  . . .     Clarity  .     c - +0 robe
rNeg   . . .     Conserve .     (shield restricted)
rPois  .         rCorr    .     (helmet restricted)
rElec  .         rRot     .     (no cloak)
SustAb . .       Spirit   .     (gloves unavailable)
rMut   .         Warding  .     (boots unavailable)
Gourm  +         Stasis   .     (no amulet)
MR     +....                    (no ring)
                                m - ring of protection from magic {unknown}

@: confused, very slow, somewhat resistant to hostile enchantments, very
unstealthy
A: unfitting armour, claws 3, blink 1, fast metabolism 3, gourmand, regeneration
2, saprovore 2, shaggy fur 1, tough skin 2
a: Blink, Bend Time, Temporal Distortion, Renounce Religion


You were on level 7 of the Dungeon.
You worshipped Cheibriados.
Cheibriados was most pleased with you.
You were very full.

You visited 1 branch of the dungeon, and saw 7 of its levels.

You collected 292 gold pieces.

Inventory:

Hand weapons
 t - the +12,+1 falchion of Wyrd {slice, rElec Str+2, unknown}
   (You found it on level 5 of the Dungeon)

   It inflicts extra damage upon your enemies.
   It affects your strength (+2).
   It insulates you from electricity.
Missiles
 b - 12 arrows
 k - 36 darts (quivered)
 r - 3 javelins
Armour
 c - a +0 robe (worn)
Magical devices
 y - a wand of enslavement (9)
Comestibles
 a - 4 meat rations
 w - a pear
 z - a banana
Scrolls
 e - 3 scrolls of identify {unknown}
 g - 3 scrolls of enchant weapon I
 j - a scroll of noise {unknown}
 n - a scroll of magic mapping {unknown}
 o - a scroll of curse weapon {unknown}
 q - 6 scrolls of remove curse {unknown}
 u - a scroll of fog {unknown}
 v - a scroll of teleportation {unknown}
 x - a scroll of blinking {unknown}
Jewellery
 m - a ring of protection from magic (left claw) {unknown}
Potions
 f - 2 potions of curing
 h - a potion of magic
 l - a potion of porridge
Books
 d - a book of Changes

   Spells                             Type                      Level
   *Beastly Appendage                 Transmutation                1
   Sticks to Snakes                   Transmutation                2
   Spider Form                        Transmutation/Poison         3
   Ice Form                           Ice/Transmutation            4
   Blade Hands                        Transmutation                5
 i - a book of the Warp

   Spells                             Type                      Level
   Control Teleport                   Charms/Translocation         4
   Phase Shift                        Translocation                5
   Warp Weapon                        Charms/Translocation         5
   Summon Forest                      Summoning/Translocation      5
   Dispersal                          Translocation                6
   Controlled Blink                   Translocation                7
   Disjunction                        Translocation                8
 s - a book of Necromancy

   Spells                             Type                      Level
   Pain                               Necromancy                   1
   Animate Skeleton                   Necromancy                   1
   Lethal Infusion                    Charms/Necromancy            2
   Vampiric Draining                  Necromancy                   3
   *Regeneration                      Charms/Necromancy            3
   Animate Dead                       Necromancy                   4
   Control Undead                     Necromancy                   4


   Skills:
 + Level 3.0 Fighting
 + Level 3.6 Dodging
 * Level 6.4 Unarmed Combat
 + Level 1.5 Spellcasting
 * Level 2.4 Transmutations
 + Level 2.3 Invocations


You had 5 spell levels left.
You knew the following spells:

 Your Spells              Type           Power        Failure   Level  Hunger
a - Beastly Appendage     Trmt           #.....       10%         1    ##.....
b - Regeneration          Chrm/Necr      #.........   77%         3    ####...


Dungeon Overview and Level Annotations

Branches:
Dungeon (7/16)
 Temple: D:4-7

Altars:
Cheibriados
Nemelex Xobeh
Sif Muna
The Shining One

Shops:
D:5 %


Innate Abilities, Weirdness & Mutations

You are too large for most types of armour.
You have claws for hands.
Your metabolism is lightning-fast.
You like to eat raw meat.
You heal very quickly.
You can eat rotten meat.
You are covered in fur (AC +1).
You have very tough skin (AC +2).
You can translocate small distances at will.


Message History

Unknown command.
Unknown command.
You completely miss Joseph.
Joseph is almost dead.
Joseph unwields an uncursed sling.
Joseph wields an uncursed quarterstaff.
Joseph hits you with an uncursed quarterstaff.
* * * LOW HITPOINT WARNING * * *
Unknown command.
You claw Joseph!
You kill Joseph!
Cheibriados appreciates the change of pace.
Your Fighting skill increases to level 3!
Your Transmutations skill increases to level 2!
The giant spore explodes!
The jackal appears confused.
The explosion of spores engulfs the jackal.
The jackal dies!
The explosion of spores engulfs you!
You are confused.
You die...

+.### #....
#...
.#######..#
......!....#
.......?...#
#.#.#)..%<.#
.......).(..#
#.#.#.#@...#
.... #....#
.# #....#
#....# #....#
#....# .....#
#....# #..


There were no monsters in sight!

Vanquished Creatures
  Joseph (D:7)
  Grinder (D:3)
  An orc warrior (D:7)
  An ogre (D:6)
  A crimson imp (D:5)
  A jelly (D:6)
  2 orc wizards (D:6)
  Natasha (D:5)
  A scorpion (D:6)
  10 adders
  7 gnolls
  A giant mite (D:3)
  4 worms
  4 giant geckos
  2 ball pythons
  11 bats
  4 hobgoblins
  2 jackals (D:2)
  9 kobolds
  2 giant newts
  9 goblins
  A goblin skeleton (D:4)
  A hobgoblin zombie (D:5)
  3 rats
80 creatures vanquished.

Vanquished Creatures (others)
  A jackal (D:7)
1 creature vanquished.

Grand Total: 81 creatures vanquished

Notes
Turn   | Place    | Note
--------------------------------------------------------------
     0 | D:1      | 4tharraofdagon, the Troll Transmuter, began the quest for the Orb.
     0 | D:1      | Reached XP level 1. HP: 18/18 MP: 2/2
    97 | D:1      | Reached skill level 1 in Fighting
   448 | D:2      | Found a snail-covered altar of Cheibriados.
   457 | D:2      | Became a worshipper of Cheibriados the Contemplative
   476 | D:2      | Reached XP level 2. HP: 24/27 MP: 2/2
   640 | D:2      | Reached XP level 3. HP: 31/33 MP: 3/3
   673 | D:2      | Reached skill level 4 in Unarmed Combat
   908 | D:3      | Noticed Grinder
   909 | D:3      | ILL REK U
   909 | D:3      | Paralysed by Grinder for 4 turns
   916 | D:3      | Paralysed by a potion of paralysis for 5 turns
   923 | D:3      | Gained mutation: You can translocate small distances at will. [potion of beneficial mutation]
   927 | D:3      | Paralysed by Grinder for 6 turns
  1018 | D:3      | Reached XP level 4. HP: 32/41 MP: 4/4
  1308 | D:4      | Found a sparkling altar of Nemelex Xobeh.
  1331 | D:5      | Entered Level 5 of the Dungeon
  1392 | D:5      | Noticed Natasha
  1395 | D:5      | WHY
  1399 | D:5      | HP: 2/42 [Natasha (12)]
  1403 | D:5      | Killed Natasha
  1403 | D:5      | Reached XP level 5. HP: 18/49 MP: 4/4
  1428 | D:5      | Got a transparent falchion
  1503 | D:5      | Found a glowing golden altar of the Shining One.
  1509 | D:5      | Found a deep blue altar of Sif Muna.
  1581 | D:6      | Reached skill level 5 in Unarmed Combat
  1641 | D:5      | Found Triran's Food Boutique.
  1704 | D:4      | Reached XP level 6. HP: 57/57 MP: 5/5
  1874 | D:3      | Reached skill level 1 in Invocations
  1936 | D:2      | Acquired Cheibriados' first power
  1991 | D:3      | Killed Grinder
  1991 | D:3      | Reached skill level 6 in Unarmed Combat
  1991 | D:3      | Reached XP level 7. HP: 61/66 MP: 5/5
  2082 | D:5      | Learned a level 3 spell: Regeneration
  2138 | D:6      | Noticed an ogre
  2145 | D:6      | Killed an ogre
  2162 | D:6      | Noticed an orc warrior
  2220 | D:7      | Noticed Joseph
  2226 | D:7      | an orc warrior (ally) was killed
  2230 | D:7      | Killed Joseph
  2230 | D:7      | Killed by an exploding giant spore

Action                   |  1- 3 |  4- 6 |  7- 9 || total
-------------------------+-------+-------+-------++-------
Melee: Unarmed           |    92 |   127 |    12 ||   231
 Abil: Blink             |     1 |       |       ||     1
Evoke: Wand              |       |       |     4 ||     4
  Use: Potion            |     9 |     1 |     1 ||    11
       Scroll            |       |     1 |       ||     1
 Stab: Sleeping          |     1 |     1 |       ||     2
